Cogmind - Beta 16.1 @@@ ROGUE MODE // 2026.06.20 @ 12:28:44 Player: C0-2MO Result: Destroyed by S-10 Pest with Light Assault Rifle Performance ------------- Evolutions (0) 0 Regions Visited (2) 400 Robots Destroyed (12) 60 Value Destroyed (114) 114 Prototype IDs (0) 0 Alien Tech Used (0) 0 Bonus (0) 0 TOTAL SCORE: 574 Bonus ------- None Cogmind --------- Core Integrity 0/250 Matter 300/300 Energy 100/100 System Corruption 0% Temperature Cool (1) Movement Flying (35) Location -10/Mines Parts ------- > --- POWER (1) -------- (None) > --- PROPULSION (2) --- VTOL Module > --- UTILITY (2) ------ Seismic Detector Hacking Suite > --- WEAPON (2) ------- (None) > --- INVENTORY (5) ---- Flight Unit Flight Unit VTOL Module VTOL Module Grenade Launcher Peak State ------------ > --- POWER ------------ Light Ion Engine > --- PROPULSION ------- VTOL Module VTOL Module > --- UTILITY ---------- Seismic Detector Hacking Suite > --- WEAPON ----------- Light Assault Rifle > --- INVENTORY -------- Flight Unit Flight Unit VTOL Module VTOL Module [Rating: 10] Favorites ----------- Power Light Ion Engine Engine Light Ion Engine Propulsion VTOL Module Treads Light Treads Wheel Wheel Flight Unit VTOL Module Utility Seismic Detector Device Seismic Detector Storage Small Storage Unit Processor Signal Interpreter Hackware Hacking Suite Weapon Light Assault Rifle Energy Gun Small Laser Ballistic Gun Light Assault Rifle Build | -11 -10 -10 ------- Run | Yrd Mat Min Slots Evolved . | . . . Power . | . . . Propulsion . | . . . Utility . | . . . Weapon . | . . . Parts Attached 16 | 7 9 . Power 2 | 1 1 . Engine 2 | 1 1 . Core . | . . . Reactor . | . . . Propulsion 7 | 2 5 . Treads 1 | 1 . . Leg . | . . . Wheel 1 | 1 . . Hover . | . . . Flight 5 | . 5 . Utility 4 | 2 2 . Device 1 | 1 . . Storage 1 | 1 . . Processor 1 | . 1 . Hackware 1 | . 1 . Protection . | . . . Artifact . | . . . Weapon 3 | 2 1 . Energy Gun 1 | 1 . . Energy Cannon . | . . . Ballistic Gun 2 | 1 1 . Ballistic Cannon . | . . . Launcher . | . . . Special Weapon . | . . . Impact Weapon . | . . . Slashing Weapon . | . . . Piercing Weapon . | . . . Special Melee Weapon . | . . . Unidentified Prototypes . | . . . Parts Lost 5 | . 1 4 Power 1 | . . 1 Propulsion 2 | . . 2 Utility . | . . . Weapon 2 | . 1 1 Highest Loss Streak 3 | . 1 3 To Critical Strikes . | . . . Average Backups 3 | 1 3 4 Power . | . . . Propulsion 3 | 1 3 3 Utility . | . . . Weapon . | . . 1 Tool/Special . | . . . Unused Backups 6 | . 3 3 Power . | . . . Propulsion 5 | . 3 2 Utility . | . . . Weapon 1 | . . 1 Tool/Special . | . . . Average Slot Usage (%) 76 | . 81 65 Engine 4 | . 4 6 Flight 24 | . 24 24 Device 14 | . 14 14 Processor 5 | . 8 . Hackware 6 | . 2 14 Ballistic Gun 18 | . 24 6 Peak Build Rating 10 | 6 10 10 Average Rating 7 | 4 7 8 On Entrance 5 | . 6 10 Avg Prop Armor Cover (%) 14 | 14 14 . Naked Turns . | . . . Heaviest Build 12 | 12 8 5 Greatest Support 10 | 10 10 8 Greatest Overweight (x) 1 | 1 . . Average Overweight (x) . | . . . Largest Inventory Capacity 8 | 8 5 5 Average Capacity 5 | 5 5 5 Most Carried 5 | 2 5 5 Average Carried 3 | 1 3 4 Final Capacity 5 | 5 5 5 Final Carried 5 | 2 5 5 Class Distribution -------------------- 60% | Sprinter 36% | Mutant Dominant Class ---------------- Sprinter | -10/Materials Mutant | -10/Mines Resources | -11 -10 -10 ----------- Run | Yrd Mat Min Matter Collected 437 | 283 144 10 Remotely . | . . . Salvage Created 320 | 141 179 . Parts 21 | 5 16 . Haulers Intercepted 1 | . 1 . Recyclers Shooed 1 | 1 . . Parts Field Recycled . | . . . Retrieved Matter . | . . . Parts Self-Destructed . | . . . Prevented . | . . . Parts Restored . | . . . Kills | -11 -10 -10 ------- Run | Yrd Mat Min Combat Hostiles Destroyed 6 | . 6 . Guns 6 | . 6 . Classes Destroyed 5 | 2 3 . Tunneler 2 | 2 . . Hauler 1 | . 1 . Recycler 1 | 1 . . Operator 2 | . 2 . Swarmer 6 | . 6 . Best Kill Streak 3 | 2 3 . Combat Bots Only 3 | . 3 . Max Kills in Single Turn 1 | 1 1 . Gunslinging . | . . . Exploded . | . . . Melee . | . . . Uniques/NPCs Destroyed . | . . . Combat | -11 -10 -10 -------- Run | Yrd Mat Min Hostile Shots Fired 90 | . 50 40 Missed 40 | . 23 17 Hits 50 | . 27 23 Melee 2 | . . 2 Projectile 48 | . 27 21 Critical Strikes 1 | . . 1 Damage Taken 557 | . 265 292 Core 255 | . 56 199 Absorbed by Shields . | . . . Regen/Repaired (Parts) 22 | . 22 . Core Remaining (%) 100 | 100 . . Volleys Fired 42 | 13 29 . Largest 2 | 2 2 . Hottest 60 | 60 60 . Shots Fired 84 | 26 58 . Gun 84 | 26 58 . Cannon . | . . . Launcher . | . . . Special . | . . . Kinetic 68 | 13 55 . Thermal 16 | 13 3 . Explosive . | . . . Electromagnetic . | . . . Robot Hit Streak 8 | 8 8 . Robot Miss Streak 4 | 2 4 . Penetration Max . | . . . Secondary Targets 1 | . 1 . Max Gunslinging Chain 1 | . 1 . Shots Hit Robots 52 | 17 35 . Core Hits 19 | 7 12 . Critical Kills . | . . . Critical Parts Destroyed . | . . . Critical Strikes . | . . . Melee Attacks . | . . . Impact . | . . . Slashing . | . . . Piercing . | . . . Sneak Attacks . | . . . Combat Hostiles . | . . . Follow-up Attacks . | . . . Damage Inflicted 493 | 171 322 . Guns 493 | 171 322 . Cannons . | . . . Explosions . | . . . Melee . | . . . Ramming . | . . . Kinetic 360 | 60 300 . Thermal 133 | 111 22 . Explosive . | . . . Electromagnetic . | . . . Impact . | . . . Slashing . | . . . Piercing . | . . . Highest Corruption . | . . . Average Corruption . | . . . Corruption Purged . | . . . Corruption Blocked . | . . . Overload Shots . | . . . Overflow Damage . | . . . Projectiles . | . . . Explosions . | . . . Melee . | . . . Knockbacks . | . . . Impact . | . . . Kinetic . | . . . Secondary . | . . . Self-Inflicted Damage . | . . . Shots . | . . . Rammed . | . . . Targets Rammed . | . . . Kicked . | . . . Crushed . | . . . Highest Temperature 60 | 40 20 60 Average Temperature 22 | 23 13 38 Received Heat Transfer 229 | . 90 139 Siege Activations . | . . . Martial Activations . | . . . Shielding Activations . | . . . Robots Disrupted . | . . . Combat Hostiles . | . . . Robots Corrupted . | . . . Combat Hostiles . | . . . Parts Fried . | . . . Impact Corruptions . | . . . Robots Melted . | . . . Combat Hostiles . | . . . Parts Melted . | . . . Heat Transferred 300 | 250 50 . Parts Sabotaged . | . . . Parts Stolen . | . . . Parts Stripped . | . . . Power Chain Reactions . | . . . Alert | -11 -10 -10 ------- Run | Yrd Mat Min Maximum Alert Level . | . . . Low Security (%) 100 | 100 100 100 Level 1 . | . . . Level 2 . | . . . Level 3 . | . . . Level 4 . | . . . Level 5 . | . . . High Security . | . . . Max Security . | . . . Peak Influence 128 | 5 128 95 Initial 36 | . . 36 Average 69 | . 98 32 Influence Increases 463 | 15 343 105 Destroy 0b10 Robot/C 120 | . 120 . Destroy 0b10 Robot/NC 30 | 15 15 . Destroy Leader 22 | . 22 . Successful Hack 6 | . 6 . Partial Spotted 15 | . 15 . Lose Combat Pursuer 270 | . 165 105 Influence Decreases 408 | 15 250 143 Entered New Map 57 | . . 57 Time Decay 321 | 15 230 76 Lost Part 20 | . 10 10 Lost Ally 10 | . 10 . Squads Dispatched 2 | . 2 . Investigation . | . . . Extermination . | . . . Reinforcement 2 | . 2 . Assault . | . . . Garrison . | . . . Intercept . | . . . Searches Triggered . | . . . Construction Impeded . | . . . Haulers Reinforced . | . . . Active Scanning Responses . | . . . Cargo Convoy Interrupts . | . . . Stealth | -11 -10 -10 --------- Run | Yrd Mat Min Distress Signals 4 | . 4 . Communications Jammed . | . . . Distress Signals . | . . . Times Spotted 65 | . 28 37 Peak Tracking Total 22 | . 7 22 Tactical Retreats 9 | . 6 3 Traps | -11 -10 -10 ------- Run | Yrd Mat Min Traps Triggered . | . . . Indirectly . | . . . Trap Hack Attempts . | . . . Triggered . | . . . Disarmed . | . . . Reprogrammed . | . . . Reused . | . . . Traps Extracted . | . . . Installed . | . . . Triggered . | . . . Machines | -11 -10 -10 ---------- Run | Yrd Mat Min Machines Disabled . | . . . Max in Single Turn . | . . . Machines Repaired . | . . . Machines Dismantled . | . . . Machines Sabotaged . | . . . Overloaded Fab Kills . | . . . Hacking | -11 -10 -10 --------- Run | Yrd Mat Min Machines Accessed 7 | . 7 . Terminals 5 | . 5 . Fabricators . | . . . Repair Stations 1 | . 1 . Recycling Units 1 | . 1 . Scanalyzers . | . . . Garrison Access . | . . . Total Hacks 22 | . 22 . Successful 14 | . 14 . Failed 8 | . 8 . Catastrophic 1 | . 1 . Database Lockouts . | . . . Manual 18 | . 18 . Terminals 13 | . 13 . Fabricators . | . . . Repair Stations 3 | . 3 . Recycling Units 6 | . 6 . Scanalyzers . | . . . Garrison Access . | . . . Terminal Hacks . | . . . Fabricator Hacks . | . . . Repair Station Hacks 2 | . 2 . Scan Component 1 | . 1 . Repair 1 | . 1 . Recycling Unit Hacks 1 | . 1 . Report Inventory 1 | . 1 . Scanalyzer . | . . . Garrison Access Hacks . | . . . Unauthorized Hacks 11 | . 11 . Terminals 7 | . 7 . Assimilate 1 | . 1 . Botnet 1 | . 1 . Operators 1 | . 1 . Skim 4 | . 4 . Fabricators . | . . . Repair Stations . | . . . Recycling Units 4 | . 4 . Monitor 1 | . 1 . Reject 1 | . 1 . Recyclers 1 | . 1 . Mask 1 | . 1 . Scanalyzers . | . . . Garrison Access . | . . . Data Cores Recovered . | . . . Used . | . . . Hacking Detections 5 | . 5 . Full Trace Events 1 | . 1 . Feedback Events . | . . . Feedback Blocked . | . . . Robot Schematics Acquired . | . . . Robots Built . | . . . Authchips . | . . . Time . | . . . Total Robot Build Rating . | . . . Part Schematics Acquired . | . . . Parts Built . | . . . Authchips . | . . . Time . | . . . Total Part Build Rating . | . . . Part Studies Acquired . | . . . Parts Repaired 1 | . 1 . Time 32 | . 32 . Parts Recycled . | . . . Recycled Matter . | . . . Retrieved Matter . | . . . Retrieved Components . | . . . Parts Scanalyzed . | . . . Part Schematics Acquired . | . . . Parts Damaged . | . . . Bothacking | -11 -10 -10 ------------ Run | Yrd Mat Min Used RIF Installer . | . . . Robots Hacked . | . . . Non-combat . | . . . Combat . | . . . Robot Hacks Applied . | . . . Relay Couplers Released . | . . . Fabnet Peak Effective % . | . . . Robots Rewired . | . . . Allies Hacked . | . . . Hacks Repelled . | . . . Allies | -11 -10 -10 -------- Run | Yrd Mat Min Total Allies 1 | . 1 . Largest Group 1 | . 1 . Highest-Rated Group 10 | . 10 . Highest-Rated Ally 10 | . 10 . Total Orders . | . . . Ally Attacks . | . . . Total Damage . | . . . Kills . | . . . Allies Corrupted . | . . . Allies Melted . | . . . Intel | -11 -10 -10 ------- Run | Yrd Mat Min Active Infowar (turns) 700 | 7 481 212 Seismic 700 | 7 481 212 Robot Analysis Total . | . . . Derelict Logs Recovered 2 | . . 2 Drone Launches . | . . . Drone Recoveries . | . . . Exploration | -11 -10 -10 ------------- Run | Yrd Mat Min Turns Passed 776 | 83 481 212 Spaces Moved 1081 | 41 803 237 Core 3 | 3 . . Treads . | . . . Legs . | . . . Wheels 52 | 38 14 . Hover . | . . . Flight 1026 | . 789 237 Fastest Speed 32 | 50 32 32 Average Speed 35 | 82 33 34 Slowest Speed 95 | 95 80 35 Overloaded Moves . | . . . Propulsion Burnouts . | . . . Robots Hopped 23 | . 10 13 Potential Cave-ins . | . . . Cave-ins Triggered . | . . . Exploration Rate (%) 46 | 4 96 38 Regions Visited 2 Branch Regions 1 Pre-discovered Areas . | . . . Known Exits Taken . | . . . Unknown Exits Taken 2 | 1 1 . Scrap Searched 1 | . . 1 Spaces Dug . | . . . Terrain Destroyed . | . . . Melee . | . . . Projectile . | . . . AOE . | . . . Terrain Rammed . | . . . Walls Destroyed . | . . . Machines Disabled . | . . . Actions | -11 -10 -10 --------- Run | Yrd Mat Min Total 1375 | 63 957 355 Wait 242 | . 113 129 Move 1036 | 40 783 213 Hop 20 | . 9 11 Pick Up 9 | 2 6 1 Fast Attach 11 | 7 4 . Attach 2 | . 1 1 Detach . | . . . Swap 5 | . 5 . Drop 8 | 1 7 . Fire 42 | 13 29 . Melee . | . . . Ram . | . . . Kick . | . . . Crush . | . . . Escape Stasis . | . . . Rewire . | . . . Trap . | . . . Miscellaneous . | . . . Route ------- -11/Scrapyard -10/Materials (discovered 5 exits: [*Mat x3] / [*Min x2]) -10/Mines History --------- Turn | Location | Event 16 | -11/Scrapyard | Discovered new exit (range 15) 84 | -11/Scrapyard | Entered Materials 213 | -10/Materials | Discovered new exit (range 9) 262 | -10/Materials | Discovered new exit (range 13) 403 | -10/Materials | Discovered new exit (range 9) 470 | -10/Materials | Discovered new exit (range 14) 493 | -10/Materials | Build established: Sprinter 498 | -10/Materials | Discovered new exit (range 7) 525 | -10/Materials | Repaired VTOL Module? 565 | -10/Materials | Entered Mines 566 | -10/Mines | Assembled infested the area 659 | -10/Mines | Core integrity fell below 50% 689 | -10/Mines | Lost 3 parts (1p1n1w) 765 | -10/Mines | Core integrity fell below 20% 777 | -10/Mines | Destroyed by S-10 Pest with Light Assault Rifle Last Messages --------------- 00656_ VTOL Module destroyed. 00658_ Lgt. Assault Rifle destroyed. 00658_ Critical hit (Burn: +80). 00671_ The unstable cave ceiling collapses. 00679_ as-97208 destroyed. 00679_ D-53 Grenadier destroyed. 00683_ as-81488 sneak attacks. 00686_ Searching scrap... 00686_ Found Aluminum Leg. 00686_ Found Power Shielding. 00686_ Found 57 Matter. 00689_ Acquired derelict log, extracted data. Data stored: Storage entrances (x1). 00759_ K-01 Serf collects debris. 00763_ Acquired 10 matter. 00765_ S-10 Pest destroyed. 00767_ Acquired Flight Unit. 00768_ Flight Unit destroyed. 00772_ Acquired derelict log, extracted data. Data stored: Mines entrances (x2). Map ----- +----------------------------------------------------+ | ?????????????????????????????????????????????????? | | ?????????????????????????????????????????????????? | | ?????????????????????????????????????????????????? | | ?????????????????????????????????????????????????? | | ?????????????????????????????????????????????????? | | ?????????????????????????????????????????????????? | | ?????????????????????????????????????????????????? | | ?????????????????????????????????????????????????? | | ?????????????????????????????????????????????????? | | ?????????????????????????????????????????????????? | | ?????????????????????????????????????????????????? | | ?????????????????????????????????????????????????? | | ?????????????????????????????????????????????????? | | ?????????????????????????????????????????????????? | | ?????????????????????????????????????????????????? | | ?????????????????????????????????????????????????? | | ?????????????????????????????????????????????##### | | ?????????????????????????????????????????????# | | ?????????????????????????????????????????????? | | ?????????????????????????????????????????????? # | | ??????????????????????????????????????????????? # | | ??????????????????????#???????################## | | ??????????????????????# ??????# | | ???????????# # ##### ####### s | | ?????????? ### ########### | | ???????????# @ #?# #????????## | | ????????????# ###########?# #???????## | | ?????????????# ????????????????# #???????# | | ?????????????# ????????????????????# #???????##### | | ???????????????????????????????????# #???????????# | | ???????????????????????????????????# #???????????# | | ??????????????????????????????????? #???????????# | | ???????????????????????????????????##????????????# | | ???????????????????????????????????????####??????# | | ??????????????????????????????????????## ##?????# | | ??????????????????????????????????????# ##????# | | ??????????????????????????????????????# ##???# | | ??????????????????????????????????????# ###?# | | ??????????????????????????????????????# ### | | ??????????????????????????????????????## ## | | ???????????????????????????????????????## | | ????????????????????????????????????????## ### | | ?????????????????????????????????????????## #?# | | ??????????????????????????????????????????# #?# | | ??????????????????????????????????????????## ##?# | | ???????????????????????????????????????????####??? | | ?????????????????????????????????????????????????? | | ?????????????????????????????????????????????????? | | ?????????????????????????????????????????????????? | | ?????????????????????????????????????????????????? | +----------------------------------------------------+ Best States ------------- Heat Dissipation 25 Energy Generation 10 Energy Capacity 250 Matter Stores 300 Matter Capacity 300 Sight Range 16 Terrain Scan Density 10 Evasion (%) 63 Recoil Reduction 1 Offensive Hacking 10 Item Schematics ----------------- None Robot Schematics ------------------ None Fabricated ------------ Nothing Repaired ---------- VTOL Module | 12% | -10/Materials Studied --------- None Alien Tech Used ----------------- None Achievements -------------- None Challenges ------------ None Game ------ Seed ActiveMiningMallet Manual? 0 Play Time 00:13:38 Cumulative 344.4 hours Start 2026.06.20 @ 12:17:18 End 2026.06.20 @ 12:28:44 Sessions 1 Manual Loads 0 Difficulty Rogue Special Mode None Game No. 165 Rogue 165 Adventurer 0 Explorer 0 Win Type - Total 27 Types 11/0/7/1/5/1/0/0/0/2 Lore% 89 Gallery% 78 Achievement% 87 Wizard Run 0 Options --------- Layout 1 ASCII 0 Keyboard 0 Movement Numpad Keybinds 0 Fullscreen 1 Font 24/Smallcaps Map View 50x35 Zoom Use 0% Tactical HUD 1 Map Filters NONE Filters NONE Steam 1 RUN: e9de8a2e-7d8f-4d52-be12-013eb91237a1